 Dungeon Crawl Stone Soup version 0.24-a0-67-ga78bd38 (webtiles) character file.

Game seed: 4279774993332782400

84 Kairos the Conjurer (level 4, 0/21 HPs)
             Began as a Vine Stalker Conjurer on Feb 5, 2019.
             Succumbed to an orc priest's poison
             ... on level 3 of the Dungeon.
             The game lasted 00:06:30 (2157 turns).

Kairos the Conjurer (Vine Stalker Conjurer)         Turns: 2157, Time: 00:06:30

Health: 0/21       AC:  2    Str: 10    XL:     4   Next: 46%
Magic:  8/9        EV: 19    Int: 16    God:
Gold:   58         SH:  0    Dex: 20    Spells: 7/8 levels left

rFire    . . .     SeeInvis .   n - +0 dagger (curse)
rCold    . . .     Gourm    .   (no shield)
rNeg     . . .     Faith    .   a - +0 robe
rPois    .         Spirit   +   (no helmet)
rElec    .         Reflect  .   (no cloak)
rCorr    .         Harm     .   (no gloves)
MR       .....                  (no boots)
Stlth    ++++......             (no amulet)
HPRegen  0.47/turn              k - +2 ring of evasion
MPRegen  0.11/turn              (no ring)

@: agile, lethally poisoned (0 -> -8), very slightly contaminated
A: fangs 2, regeneration 1, magic shield, antimagic bite, no potion heal 3, rot
immunity
a: no special abilities


You were on level 3 of the Dungeon.
You were not hungry.

You visited 1 branch of the dungeon, and saw 3 of its levels.

You collected 58 gold pieces.

Inventory:

Hand Weapons
 b - a +0 club
 e - a +0 dagger
 n - a cursed +0 dagger (weapon)
Armour
 a - a +0 robe (worn)
 m - a +2 scale mail of magic resistance
Magical Staves
 o - an uncursed staff of poison {unknown}
Jewellery
 k - a +2 ring of evasion (left hand)
Scrolls
 l - a scroll of random uselessness
Potions
 f - 2 potions of degeneration {unknown}
 g - a potion of magic
 h - 2 potions of heal wounds {unknown}
 i - a potion of brilliance {unknown}
 j - a potion of curing
Comestibles
 c - 5 rations
 p - 2 chunks of flesh


   Skills:
 + Level 1.7 Dodging
 + Level 2.8 Stealth
 + Level 2.9 Spellcasting
 + Level 5.1 Conjurations


You had 7 spell levels left.
You knew the following spells:

 Your Spells              Type           Power        Failure   Level  Hunger
a - Magic Dart            Conj           ###.         2%          1    #......

Your spell library contained the following spells:

 Spells                   Type           Power        Failure   Level  Hunger
 Searing Ray              Conj           ###...       3%          2    ##.....
 Dazzling Spray           Conj/Hex       ##....       19%         3    ###....
 Iskenderun's Mystic Bla  Conj           ###.....     22%         4    #####..
 Force Lance              Conj/Tloc      ##......     54%         4    #####..
 Fulminant Prism          Conj/Hex       ##........   54%         4    #####..


Dungeon Overview and Level Annotations

Branches:
Dungeon (3/15)

Altars:
Ashenzari
Qazlal
Xom
Zin

Annotations:
D:3 1 runed translucent door


Innate Abilities, Weirdness & Mutations

You have extremely sharp teeth.
Your natural rate of healing is unusually fast.
When hurt, damage is shared between your health and your magic reserves.
Your bite disrupts and absorbs the magic of your enemies.
Potions cannot restore your health.
You are immune to rotting.


Message History

The orc priest hits you with a +1 dagger of venom.
* * * LOW HITPOINT WARNING * * *
You are lethally poisoned!
You hit the orc priest but do no damage.
The orc priest is moderately wounded.
* * * LOW HITPOINT WARNING * * *
You feel sick. The orc priest misses you.
Unknown command.
It was a potion of magic.
Magic courses through your body.
* * * LOW HITPOINT WARNING * * *
You feel sick. The orc priest barely misses you.
Casting: Magic Dart (safe; 2% risk of failure)
Confirm with . or Enter, or press ? or * to list all spells.
Aiming: Magic Dart (safe; 2% risk of failure)
Press: ? - help, Shift-Dir - straight line, f/p - orc priest
Aim: an orc priest, wielding a +1 dagger of venom and wearing a +0 chain mail (moderately wounded)
You miscast Magic Dart.
You are very lightly contaminated with residual magic.
Nothing appears to happen.
You die...

#.# #.# #.# #†#
#.# #(# #.# #(#
#.# #.# #.# #.#
#.# #†#
#.###.####
#.##....@##
##.#..###)o##
#....##A##).##
#...###g###..#
#..###+.####.#
#..#>.._..>#.##
##.####.####..#
#..###.###...#
##..##>##....#


You could see an orc priest.

Vanquished Creatures
  2 adders (D:2)
  A worm (D:2)
  3 dart slugs (D:1)
  A leopard gecko (D:1)
  4 orcs (D:3)
  A giant cockroach (D:1)
  8 goblins
  13 hobgoblins
  A quokka (D:3)
  5 bats
  2 frilled lizards (D:1)
  5 kobolds
  4 rats
50 creatures vanquished.

Notes
Turn   | Place    | Note
-------+----------+-------------------------------------------
     0 | D:1      | Kairos the Vine Stalker Conjurer began the quest for the
                  | Orb.
     0 | D:1      | Reached XP level 1. HP: 9/9 MP: 4/4
   161 | D:1      | Reached XP level 2. HP: 13/13 MP: 1/6
   506 | D:1      | Reached XP level 3. HP: 16/16 MP: 3/7
  1259 | D:2      | Reached skill level 5 in Conjurations
  1259 | D:2      | Gained mutation: Your natural rate of healing is unusually
                  | fast. [Vine Stalker growth]
  1259 | D:2      | Reached XP level 4. HP: 21/21 MP: 3/9
  1447 | D:2      | Found a shimmering altar of Xom.
  1895 | D:2      | Found a stormy altar of Qazlal.
  1895 | D:2      | Found a shattered altar of Ashenzari.
  1930 | D:3      | Found a glowing silver altar of Zin.
  1944 | D:3      | Noticed an angel
  1956 | D:3      | Found a runed translucent door.
  2156 | D:3      | HP: 1/21 [poisoned by an orc priest]
  2157 | D:3      | Succumbed to an orc priest's poison

Vault maps used:
D:1:      arrival_zaba_pyramid
D:2:      gammafunk_temple_overflow_elements, overflow_temple_1_default
D:3:      gammafunk_ghost_mausoleum, lemuel_angel_altar

Skill      XL: |  1  2  3 |
---------------+----------+-----
Conjurations   | 5 |  5.1
Dodging        | |  1.7
Stealth        | |  2.8
Spellcasting   | |  2.9

Action                   |  1- 3 |  4- 6 || total
-------------------------+-------+-------++-------
Melee: Dagger            |    13 |    12 ||    25
       Bite              |     1 |     3 ||     4
 Cast: Magic Dart        |    65 |    57 ||   122
  Use: Potion            |       |     3 ||     3
       Scroll            |       |     2 ||     2
  Eat: Chunk             |     1 |     4 ||     5
Armor: Robe              |     4 |     1 ||     5
Dodge: Dodged            |    17 |    15 ||    32

Table legend:
 A = Non-vault XP
 B = Vault XP
 C = Vault XP percentage of total XP
 D = Non-vault monster count
 E = Vault monster count
 F = Vault count percentage of total count
                 A         B        C        D         E       F
            +---------+---------+-------+---------+---------+-------
      Total |     121 |       0 |   0.0 |      50 |       0 |   0.0
            +---------+---------+-------+---------+---------+-------
        D:1 |      51 |       0 |   0.0 |      27 |       0 |   0.0
        D:2 |      50 |       0 |   0.0 |      15 |       0 |   0.0
        D:3 |      20 |       0 |   0.0 |       8 |       0 |   0.0
            +---------+---------+-------+---------+---------+-------
